 Dungeon Crawl Stone Soup version 0.32-a0-131-g9dbbe29261 (webtiles) character file.

Game seed: 1906070987116176179

1360 Dittersdorf the Covered (level 8, -2/52 HPs)
             Began as a Gargoyle Fighter on Feb 8, 2024.
             Slain by a boulder beetle (21 damage)
             ... on level 5 of the Dungeon.
             The game lasted 00:05:34 (4508 turns).

Dittersdorf the Covered (Gargoyle Fighter)          Turns: 4508, Time: 00:05:35

Health: -2/52      AC: 23    Str: 23    XL:     8   Next: 64%
Magic:  8/8        EV:  8    Int:  8    God:
Gold:   320        SH:  5    Dex:  9    Spells: 7/7 levels left

rFire   + . .        g - +2 flail (protect)
rCold   . . .        c - +0 buckler
rNeg    + . .        p - +0 chain mail
rPois   ∞            (no helmet)
rElec   +            (no cloak)
rCorr   .            (no gloves)
SInv    .            (no boots)
Will    .....        (no amulet) Stlth
                     k - ring of protection from fire
HPRegen 0.28/turn    a - ring of flight
MPRegen 0.11/turn

%: no passive effects
@: mighty, under a protective aura, flying
A: sickness immunity, AC +5, negative energy resistance 1, electricity
resistance, torment resistance 1, petrification resistance
a: no special abilities


You were on level 5 of the Dungeon.
You visited 1 branch of the dungeon, and saw 6 of its levels.

You collected 320 gold pieces.

Inventory:

Hand Weapons
 g - a +2 flail of protection (weapon)
Armour
 c - a +0 buckler (worn)
 p - a +0 chain mail (worn)
Jewellery
 a - a ring of flight (right hand)
 k - a ring of protection from fire (left hand)
Wands
 b - a wand of flame (23)
Scrolls
 e - 2 scrolls of teleportation
 j - a scroll of poison
Potions
 f - a potion of heal wounds
 l - a potion of mutation
 n - a potion of haste {unknown}
 o - a potion of enlightenment
 q - 2 potions of curing {unknown}


   Skills:
 + Level 6.5 Fighting
 + Level 5.3 Maces & Flails
 + Level 6.6 Armour
 + Level 6.5 Shields


You had 7 spell levels left.
You didn't know any spells.
Your spell library contained the following spells:

 Spells                   Type           Power      Damage    Failure   Level
 Sandblast                Erth           0%         2d4       95%         1
 Passwall                 Erth           0%         N/A       100%        3
 Stone Arrow              Conj/Erth      0%         3d7       100%        3
 Brom's Barrelling Bould  Conj/Erth      0%         2d3       100%        4


Dungeon Overview and Level Annotations

Branches:
Dungeon (6/15)
 Temple: D:4-7

Altars:
Ashenzari
Elyvilon
Fedhas
Hepliaklqana


Innate Abilities, Weirdness & Mutations

You are immune to sickness and miasma.
Your stone body is resilient. (AC +5)
You are immune to poison.
You resist negative energy. (rN+)
You are resistant to electric shocks. (rElec)
You are resistant to unholy torment.
You are immune to petrification.


Message History

You are too injured to fight recklessly!
You are too injured to fight recklessly!
You are too injured to fight recklessly!
You are too injured to fight recklessly!
You are too injured to fight recklessly!
You are too injured to fight recklessly!
You are too injured to fight recklessly!
You are too injured to fight recklessly!
You are too injured to fight recklessly!
You are too injured to fight recklessly!
You are too injured to fight recklessly!
You are too injured to fight recklessly!
You are too injured to fight recklessly!
You feel very mighty all of a sudden.
The boulder beetle leaps!
You sock the boulder beetle!
The boulder beetle is lightly wounded.
The boulder beetle bites you but does no damage.
The boulder beetle barely misses you.
You hit the boulder beetle.
The boulder beetle is moderately wounded.
The boulder beetle bites you but does no damage.
You hit the boulder beetle but do no damage.
The boulder beetle is moderately wounded.
The boulder beetle bites you.
You hit the boulder beetle.
The boulder beetle is moderately wounded.
The boulder beetle bites you but does no damage.
You barely miss the boulder beetle.
The boulder beetle is moderately wounded.
The boulder beetle bites you but does no damage.
You thump the boulder beetle!
The boulder beetle is moderately wounded.
The boulder beetle bites you but does no damage.
The boulder beetle leaps!
The boulder beetle curls into a ball and begins rolling!
You hit the boulder beetle but do no damage.
The boulder beetle is moderately wounded.
The boulder beetle hits you!!
You die...

#..#
#.....##......#
##.#
#########...#.#
#.# #####.# #.#
######.#
#.######
####......#
#......#
#.......###
######>#
#.##.##.#
#.#####.##.##.#
#.....°B@.>##.#
#######.#####.#
#.#####.#
#.......#
#########


You could see a boulder beetle (rolling).

Vanquished Creatures
  Edmund (D:3)
  2 black bears
  A phantom (D:4)
  4 scorpions
  3 bombardier beetles
  2 jellies (D:5)
  2 orc priests
  A gnoll bouda (D:5)
  4 hounds
  4 orc wizards
  3 gnolls (D:5)
  14 adders
  A white imp (D:5)
  An ufetubus (D:5)
  2 dart slugs
  5 ribbon worms
  25 orcs
  13 endoplasms
  2 giant cockroaches
  3 goblins (D:1)
  10 hobgoblins
  7 quokkas
  7 ball pythons
  8 bats
  3 frilled lizards
  7 kobolds
  4 rats
139 creatures vanquished.

Notes
Turn   | Place    | Note
-------+----------+-------------------------------------------
     0 | D:1      | Dittersdorf the Gargoyle Fighter began the quest for the
                  | Orb.
     0 | D:1      | Reached XP level 1. HP: 14/14 MP: 1/1
   168 | D:1      | Reached XP level 2. HP: 9/19 MP: 2/2
   455 | D:1      | Reached XP level 3. HP: 20/23 MP: 3/3
   808 | D:2      | Found a broken altar of Ashenzari.
   900 | D:2      | Reached XP level 4. HP: 23/29 MP: 4/4
  1173 | D:2      | Reached XP level 5. HP: 19/33 MP: 5/5
  1779 | D:3      | Found a hazy altar of Hepliaklqana.
  1779 | D:3      | Found a white marble altar of Elyvilon.
  2033 | D:3      | Reached XP level 6. HP: 18/39 MP: 6/6
  2677 | D:4      | Found a blossoming altar of Fedhas.
  2679 | D:4      | Noticed Edmund
  2849 | D:3      | Killed Edmund
  2850 | D:3      | Reached skill level 5 in Fighting
  2850 | D:3      | Reached skill level 5 in Armour
  2850 | D:3      | Reached skill level 5 in Shields
  2850 | D:3      | Reached XP level 7. HP: 11/44 MP: 7/7
  3276 | D:4      | Identified the +0 quarterstaff of the End of Times {holy,
                  | ^Contam rN+++ Int+3 Dex+3}
  3504 | D:5      | Entered Level 5 of the Dungeon
  3739 | D:5      | Reached XP level 8. HP: 51/51 MP: 8/8
  3992 | D:5      | Reached skill level 5 in Maces & Flails
  4487 | D:6      | Noticed a boulder beetle
  4508 | D:5      | Slain by a boulder beetle

Illustrated notes

Levels and vault maps discovered:
D:1:      dpeg_arrival_boxorama, layout_loops_ring, minmay_pentomino_s4
D:2:      layout_rooms, basic_altar
D:3:      layout_basic, mainiacjoe_overflow_divided_tiny
D:4:      layout_rooms, fedhas_altar_1, uniq_edmund
D:5:      minmay_evil_eye, layout_loops_cross, minmay_fractal_squares_diagonal_5
D:6:      layout_rooms, lemuel_round_altar, chequers_serial_rivers_micro_a,
          kennysheep_generic_room_11

Skill      XL: |  1  2  3  4  5  6  7  8 |
---------------+-------------------------+-----
Armour         | 4 5 6 |  6.6
Fighting       | 4 5 6 |  6.5
Shields        | 4 5 6 |  6.5
Maces & Flails | 3 4 5 |  5.3

Action                     |  1- 3 |  4- 6 |  7- 9 || total
---------------------------+-------+-------+-------++-------
  Melee: Flail             |   114 |   256 |   227 ||   597
    Use: Scroll            |       |     5 |     7 ||    12
         Potion            |       |       |     1 ||     1
 Armour: Scale mail        |   107 |   103 |       ||   210
         Chain mail        |       |   141 |   293 ||   434
  Dodge: Dodged            |    58 |   107 |   135 ||   300
  Block: Buckler           |    38 |    60 |    90 ||   188

Table legend: (Time is in decaauts)
 A = Elapsed time spent in this place.
 B = Non-inter-level travel time spent in this place.
 C = Inter-level travel time spent in this place.
 D = Time resting spent in this place.
 E = Time spent auto-exploring this place.
 F = Levels seen in this place.
 G = Mean time per level.
                   A        B        C        D        E       F      G
               +--------+--------+--------+--------+--------+-----+--------+
         Total |   4658 |   4548 |    110 |    488 |   2785 |   6 |  776.3 |
       Dungeon |   4658 |   4548 |    110 |    488 |   2785 |   6 |  776.3 |
               +--------+--------+--------+--------+--------+-----+--------+

Top non-repeatable levels by time:
     D:3: 1495 daAuts
     D:5: 1001 daAuts
     D:1: 836 daAuts
     D:2: 695 daAuts
     D:4: 624 daAuts
     D:6: 4 daAuts
